 Dungeon Crawl Stone Soup version 0.19.0-19-g8c6edcc (webtiles) character file.

11553 ImaNewbie the Carver (level 11, -1/91 HPs)
             Began as a Minotaur Fighter on Nov 12, 2016.
             Was a Believer of Hepliaklqana.
             Killed from afar by a wretched star (19 damage)
             ... with an orb of energy
             ... on level 3 of the Abyss.
             The game lasted 01:03:02 (12509 turns).

ImaNewbie the Carver (Minotaur Fighter)            Turns: 12509, Time: 01:03:03

Health: -1/91      AC: 13    Str: 22    XL:     11   Next: 50%
Magic:  9/9        EV:  7    Int:  1    God:    Hepliaklqana [**....]
Gold:   550        SH: 12    Dex: 15    Spells: 0 memorised, 10 levels left

rFire  . . .     SeeInvis +     n - +3 demon blade of Ibruzuk {venom, rElec MR- Dex+3 SInv}
rCold  . . .     Gourm    .     x - +2 chain mail {rPois}
rNeg   . . .     Faith    .     c - +0 shield
rPois  +         Spirit   .     (helmet restricted)
rElec  +         Reflect  .     H - +0 cloak (curse)
rCorr  .         Harm     .     y - +0 pair of gloves
MR     .....                    (no boots)
Stlth  ..........               (no amulet)
                                D - ring of see invisible (curse)
                                w - ring of flight

@: no status effects
A: retaliatory headbutt, reduced essence, horns 2, blurry vision 3, dopey 2, low
mp 3, no device heal 2
a: Recall Ancestor, Ancestor Identity, Renounce Religion, Evoke Flight


You were on level 3 of the Abyss.
You worshipped Hepliaklqana.
Hepliaklqana was pleased with you.
You were not hungry.

You visited 2 branches of the dungeon, and saw 12 of its levels.
You visited the Abyss 1 time.

You collected 550 gold pieces.

Inventory:

Hand Weapons
 a - a +1 long sword
 n - the +3 demon blade of Ibruzuk (weapon) {venom, rElec MR- Dex+3 SInv}
   (You acquired it on level 5 of the Dungeon)

   It poisons the flesh of those it strikes.
   It affects your dexterity (+3).
   It insulates you from electricity.
   It affects your resistance to hostile enchantments.
   It lets you see invisible.
Armour
 b - a +0 scale mail
 c - a +0 shield (worn)
 m - a +1 plate armour
 x - a +2 chain mail of poison resistance (worn)
 y - a +0 pair of gloves (worn)
 H - a cursed +0 cloak (worn)
Jewellery
 w - a ring of flight (left hand)
 C - an uncursed ring of stealth
 D - a cursed ring of see invisible (right hand)
Wands
 d - a wand of polymorph (24/24)
 r - a wand of slowing (28/48)
 s - a wand of flame (30/48)
 u - a wand of acid (5/15)
 G - a wand of paralysis (9/24)
Scrolls
 j - 5 scrolls of remove curse
 k - 3 scrolls of enchant weapon
 q - 5 scrolls of recharging
 v - a scroll of fog
 F - a scroll of enchant armour
 I - a scroll of identify
 J - a scroll of teleportation {unknown}
 L - a scroll of blinking
 N - 3 scrolls of magic mapping {unknown}
 O - 2 scrolls of brand weapon {unknown}
 S - a scroll of holy word {unknown}
 T - a scroll of amnesia
Potions
 e - 3 potions of brilliance
 g - a potion of mutation
 h - 3 potions of flight
 i - 2 potions of heal wounds
 o - 2 potions of agility {unknown}
 p - 4 potions of curing
 t - a potion of magic {unknown}
 z - 4 potions of lignification
 E - 2 potions of haste {unknown}
 K - a potion of cancellation {unknown}
 M - a potion of berserk rage {unknown}
 P - 2 potions of cure mutation {unknown}
Books
 R - the Handbook of Transmigration and Attacks
   (You found it on level 10 of the Dungeon)

   Spells                             Type                      Level
   a - Flame Tongue                   Conjuration/Fire             1
   b - Magic Dart                     Conjuration                  1
   c - Alistair's Intoxication        Transmutation/Poison         5
   d - Bolt of Cold                   Conjuration/Ice              6
   e - Dragon Form                    Transmutation                7
Comestibles
 f - 13 bread rations
 l - 2 royal jellies
 A - 5 fruits
 B - 3 meat rations
 U - a beef jerky


   Skills:
 - Level 11.4 Fighting
 - Level 14.1 Long Blades
 - Level 3.6 Armour
 * Level 10.7 Shields
 + Level 5.3 Evocations


You had 10 spell levels left.
You didn't know any spells.

Dungeon Overview and Level Annotations

Branches:
Dungeon (11/15)            Temple (1/1) D:7            Lair (0/6) D:10
    Orc: D:9-12

Altars:
Dithmenos
Hepliaklqana
Okawaru
Qazlal
Sif Muna
Xom
Yredelemnul
Zin
The Shining One

Shops:
D:9 !   D:10 (

Annotations:
D:2 exclusion: downstairs
D:5 Prince Ribbit
D:8 exclusion: downstairs
D:11 Sonja


Innate Abilities, Weirdness & Mutations

You reflexively headbutt those who attack you in melee.
You have a pair of horns on your head.
Your life essence is reduced. (-10% HP)
[Scrolls take you much longer to read.]
[You are very dopey. (Int -4)]
[Your magical capacity is extremely low. (-30% MP)]
[Potions and wands are poor at restoring your health.]


Message History

A starcursed mass splits.
A chorus of shrieks assaults your mind.
A starcursed mass splits.
The chaos spawn gores you but does no damage.
The chaos spawn hits you!
* * * LOW HITPOINT WARNING * * *
Space bends around you.
* * * LOW HITPOINT WARNING * * *
The chaos spawn hits you but does no damage.
The wretched star pulses with an eldritch light!
Your system partially rejects artificial healing.
Your system mostly rejects artificial healing.
You feel less energetic. A chorus of shrieks assaults your mind.
* * * LOW HITPOINT WARNING * * *
You block the lorocyproca's attack.
A starcursed mass splits.
The wretched star glows turbulently.
The orb of energy hits you!
You die...

# ........#. . #
#...#...#.....#.#
#.#.#......##.#.#
.#.#.....XX.#..# ..
# #..###...#......#
#..
##......#*..#....
....###....##...#..#
.
.........*#...##..#.
.......@#..#....X.#
#. #..#..###2###.
..#.# #..
#4X#.WX..## ##
#..X#.##.....
#....## .# ## ##..##
..# #### ###


You could see 2 starcursed masses and a wretched star.

Vanquished Creatures
  Nergalle (D:10)
  A hill giant (D:10)
  Maurice (D:8)
  A gargoyle (D:10)
  A two-headed ogre (D:10)
  5 wraiths
  A spriggan (D:8)
  A wyvern (D:10)
  8 yaks
  Edmund (D:5)
  Menkaure (D:7)
  A mottled dragon (D:11)
  2 porcupines (D:10)
  4 orc warriors
  6 ice beasts
  3 sky beasts
  2 black bears
  A necrophage (D:9)
  A phantom (D:7)
  4 ogres
  6 centaurs
  A crocodile (D:10)
  An elf zombie (D:9)
  A big kobold (D:10)
  4 bullfrogs
  2 gnoll sergeants
  Blork the orc (D:5)
  A water moccasin skeleton (D:5)
  21 killer bees
  An electric eel (D:7)
  2 wights (D:8)
  6 crimson imps
  A centaur zombie (D:8)
  6 lava snakes (D:10)
  A bullfrog zombie (D:8)
  3 jellies
  A quasit (D:10)
  3 human zombies (D:9)
  5 hounds
  11 orc wizards
  4 bullfrog skeletons
  4 orc priests
  9 iguanas
  A human skeleton (D:9)
  8 worker ants
  A hound skeleton (D:5)
  3 mummies (D:9)
  A howler monkey zombie (D:5)
  10 gnolls
  A howler monkey skeleton (D:8)
  4 river rats (D:10)
  10 adders
  3 shadow imps
  An adder skeleton (D:3)
  5 worms
  3 dart slugs
  7 leopard geckos
  51 orcs
  2 ball pythons
  6 giant cockroaches
  9 goblins
  8 hobgoblins
  11 jackals
  6 quokkas
  9 bats
  6 frilled lizards
  3 jackal skeletons
  9 kobolds
  A leopard gecko skeleton (D:5)
  An orc zombie (D:9)
  A quokka skeleton (D:4)
  5 rats
327 creatures vanquished.

Vanquished Creatures (collateral kills)
  A basilisk (shapeshifter) (D:10)
  A hungry ghost (D:9)
  An ogre (D:8)
  A scorpion (D:9)
  A troll skeleton (D:9)
  A wight (D:8)
  A human zombie (D:9)
  A jelly (D:8)
  An orc wizard (D:8)
  An orc (D:7)
10 creatures vanquished.

Vanquished Creatures (others)
  An orc wizard (D:8)
  8 ancestors
  2 bushes
  5 demonic plants (Abyss:3)
  2 plants (D:10)
18 creatures vanquished.

Grand Total: 355 creatures vanquished

Notes
Turn   | Place    | Note
-------+----------+-------------------------------------------
     0 | D:1      | ImaNewbie the Minotaur Fighter began the quest for the Orb.
     0 | D:1      | Reached XP level 1. HP: 19/19 MP: 0/0
   473 | D:1      | Reached XP level 2. HP: 27/27 MP: 1/1
   641 | D:1      | Reached skill level 3 in Long Blades
  1120 | D:2      | Reached XP level 3. HP: 25/34 MP: 2/2
  2053 | D:3      | Reached skill level 4 in Long Blades
  2143 | D:3      | Reached skill level 5 in Fighting
  2143 | D:3      | Reached XP level 4. HP: 42/42 MP: 3/3
  2439 | D:3      | Found a faded altar of an unknown god.
  2895 | D:4      | Reached skill level 5 in Long Blades
  2895 | D:4      | Reached XP level 5. HP: 37/48 MP: 4/4
  3016 | D:4      | Reached skill level 6 in Long Blades
  3211 | D:4      | HP: 2/48 [iguana (8)]
  3649 | D:4      | Reached XP level 6. HP: 52/56 MP: 5/5
  4148 | D:4      | Reached skill level 7 in Long Blades
  4296 | D:3      | Reached skill level 8 in Long Blades
  4390 | D:4      | Reached XP level 7. HP: 59/61 MP: 6/6
  4400 | D:5      | Entered Level 5 of the Dungeon
  4598 | D:5      | Noticed Edmund
  4631 | D:5      | Killed Edmund
  4631 | D:5      | Reached skill level 9 in Long Blades
  4791 | D:5      | Reached skill level 10 in Long Blades
  5078 | D:5      | Noticed Blork the orc
  5118 | D:5      | Killed Blork the orc
  5118 | D:5      | Reached XP level 8. HP: 28/68 MP: 7/7
  5338 | D:5      | Reached skill level 11 in Long Blades
  5546 | D:5      | Noticed Prince Ribbit
  5582 | D:5      | Identified a scroll of acquirement
  5583 | D:5      | Got an encrusted demon blade
  5588 | D:5      | Identified the +3 demon blade of Ibruzuk {venom, rElec MR- Dex+3 SInv} (You acquired it on level 5 of the Dungeon)
  6351 | D:6      | Reached skill level 12 in Long Blades
  6884 | D:6      | Reached skill level 13 in Long Blades
  6981 | D:7      | Reached XP level 9. HP: 69/74 MP: 8/8
  7116 | D:7      | Reached skill level 14 in Long Blades
  7300 | D:7      | Found a staircase to the Ecumenical Temple.
  7306 | Temple   | Entered the Ecumenical Temple
  7315 | Temple   | Became a worshipper of Hepliaklqana the Forgotten
  7856 | D:7      | Noticed Menkaure
  7862 | D:7      | Killed Menkaure
  7871 | D:7      | Found a glowing golden altar of the Shining One.
  7992 | D:8      | Found a stormy altar of Qazlal.
  8033 | D:8      | Noticed Maurice
  8228 | D:8      | Reached XP level 10. HP: 83/83 MP: 9/9
  8369 | D:8      | Found a deep blue altar of Sif Muna.
  8392 | D:8      | Reached skill level 10 in Fighting
  9066 | D:8      | Reached * piety under Hepliaklqana
  9127 | D:8      | Killed Maurice
  9349 | D:9      | Noticed a seven-headed hydra
  9656 | D:9      | Found Tacsel's Distillery.
  9728 | D:9      | Reached skill level 1 in Evocations
  9883 | D:9      | Reached skill level 5 in Shields
  9896 | D:9      | Found a basalt altar of Yredelemnul.
 10166 | D:10     | Entered Level 10 of the Dungeon
 10810 | D:10     | Noticed a hill giant
 10975 | D:10     | Found Tevioroli's Antique Weapon Boutique.
 10985 | D:10     | Noticed Nergalle
 11000 | D:10     | Killed Nergalle
 11000 | D:10     | Reached XP level 11. HP: 71/91 MP: 12/12
 11026 | D:10     | Found a staircase to the Lair.
 11449 | D:10     | Killed a hill giant
 11478 | D:10     | Identified the Handbook of Transmigration and Attacks
 11716 | D:11     | Reached skill level 10 in Shields
 11757 | D:11     | Found a shadowy altar of Dithmenos.
 11777 | D:11     | Reached skill level 5 in Evocations
 12224 | D:11     | Noticed Sonja
 12253 | D:11     | Cast into level 1 of the Abyss (Sonja)
 12307 | Abyss:1  | Noticed a deep elf sorcerer
 12334 | Abyss:3  | Reached ** piety under Hepliaklqana
 12337 | Abyss:3  | Remembered your ancestor Godslayer as a hexer
 12352 | Abyss:3  | Noticed a necromancer
 12423 | Abyss:3  | Noticed a starcursed mass
 12438 | Abyss:3  | Noticed a lorocyproca
 12461 | Abyss:3  | Noticed a wretched star
 12492 | Abyss:3  | Noticed a shadow wraith
 12494 | Abyss:3  | Noticed a starcursed mass
 12509 | Abyss:3  | Killed from afar by a wretched star

Skill      XL: |  1  2  3  4  5  6  7  8  9 10 11 |
---------------+----------------------------------+-----
Fighting       | 4 5 9 11 | 11.4
Long Blades    | 3 4 5 6 8 10 13 14 | 14.1
Shields        | 8 10 | 10.7
Evocations     | 3 5 |  5.3
Armour         | |  3.6

Action                   |  1- 3 |  4- 6 |  7- 9 | 10-12 || total
-------------------------+-------+-------+-------+-------++-------
Melee: Long sword        |   111 |   136 |    84 |       ||   331
       Headbutt          |    17 |    30 |    64 |    97 ||   208
       Demon blade       |       |       |   238 |   361 ||   599
Invok: Ancestor Identity |       |       |     1 |       ||     1
       Recall Ancestor   |       |       |       |     3 ||     3
       Ancestor Life: He |       |       |       |     1 ||     1
 Abil: Evoke Flight      |       |       |       |     3 ||     3
  Use: Potion            |       |     1 |     1 |     3 ||     5
       Scroll            |       |       |    17 |       ||    17
 Stab: Distracted        |       |       |       |     1 ||     1
  Eat: Chunk             |     4 |     7 |    10 |    13 ||    34
       Pizza             |       |       |     1 |     1 ||     2
       Beef jerky        |       |       |     1 |       ||     1
Armor: Scale mail        |    33 |    40 |    36 |       ||   109
       Chain mail        |       |       |    56 |   110 ||   166
Dodge: Dodged            |    24 |    35 |    56 |    51 ||   166
Block: Shield            |    47 |    67 |   121 |   161 ||   396
       Rpst.: Long sword |     4 |     8 |     6 |       ||    18
       Demon blade       |       |       |    12 |    14 ||    26
